 Dungeon Crawl Stone Soup version 0.26.1-2-gb8aa6d0cf2 (webtiles) character file.

Game seed: 15191128066655789651

165 FishyPogo the Changer (level 5, -1/48 HPs)
             Began as a Troll Transmuter on Feb 22, 2021.
             Was a Believer of Uskayaw.
             Killed by divine providence
             ... invoked by an orc priest
              (12 damage)
             ... on level 3 of the Dungeon.
             The game lasted 00:06:25 (1040 turns).

FishyPogo the Changer (Troll Transmuter)            Turns: 1040, Time: 00:06:26

Health: -1/48      AC:  6    Str: 25    XL:     5   Next: 21%
Magic:  3/5        EV: 10    Int: 15    God:    Uskayaw [**....]
Gold:   90         SH:  0    Dex: 10    Spells: 3/6 levels left

rFire    . . .     SeeInvis .     - Unarmed
rCold    . . .     Faith    .   (no shield)
rNeg     . . .     Spirit   .   a - +0 robe
rPois    .         Reflect  .   (helmet currently unavailable)
rElec    .         Harm     .   (no cloak)
rCorr    .         Rampage  .   (gloves unavailable)
Will     .....                  (boots unavailable)
Stlth    +.........             (no amulet)
HPRegen  0.56/turn              e - +6 ring of strength
MPRegen  0.09/turn              c - +6 ring of intelligence

@: appendages (expiring), wereblooded
A: large, unfitting armour, claws 3, horns 2, talons 2, regeneration 1, shaggy
fur 1, tough skin 3
a: End Transformation, Renounce Religion, Stomp, Line Pass


You were on level 3 of the Dungeon.
You worshipped Uskayaw.
Uskayaw was noncommittal.
You had grown temporary horns.
You had grown temporary talons.
You visited 1 branch of the dungeon, and saw 4 of its levels.

You collected 90 gold pieces.

Inventory:

Missiles
 d - 44 stones
Armour
 a - a +0 robe (worn)
Jewellery
 b - an uncursed ring of flight
 c - a +6 ring of intelligence (right claw)
 e - a +6 ring of strength (left claw)
Scrolls
 g - a scroll of enchant weapon {unknown}
 h - a scroll of random uselessness {unknown}
 i - a scroll of amnesia {unknown}
 k - a scroll of enchant armour {unknown}
 l - a scroll of remove curse {unknown}
Potions
 f - 2 potions of curing
 j - a potion of brilliance {unknown}


   Skills:
 - Level 1.0 Fighting
 - Level 2.0 Dodging
 - Level 3.0 Unarmed Combat
 - Level 1.2 Spellcasting
 + Level 3.9 Transmutations


You had 3 spell levels left.
You knew the following spells:

 Your Spells              Type           Power        Failure   Level
d - Beastly Appendage     Tmut           24%          4%          1
e - Wereblood             Tmut           12%          7%          2

Your spell library contained the following spells:

 Spells                   Type           Power        Failure   Level
 Spider Form              Tmut/Pois      3%           32%         3
 Ice Form                 Ice/Tmut       6%           71%         4
 Blade Hands              Tmut           6%           78%         5


Dungeon Overview and Level Annotations

Branches:
Dungeon (4/15)
 Temple: D:4-7

Altars:
Okawaru
Uskayaw


Innate Abilities, Weirdness & Mutations

You are too large for most types of armour.
You have claws for hands.
Your natural rate of healing is unusually fast.
You are covered in fur. (AC +1)
You have extremely tough skin. (AC +3)
You have a pair of horns on your head.
You have razor-sharp toenails.


Message History

The rat barely misses you.
You can now pass through a line of other dancers.
You feel better. The orc barely misses you. The rat closely misses you.
You scratch the rat.
You kill the rat!
The orc closely misses you. x2
You closely miss the orc wizard. You claw the orc wizard.
Your headbutt misses the orc wizard.
The orc wizard is moderately wounded.
Your transformation is almost over.
The orc closely misses you. The orc hits you with a +0 hand axe.
The orc wizard hits you but does no damage.
You closely miss the orc wizard.
The orc wizard is moderately wounded.
The orc hits you with a +0 club.
* * * LOW HITPOINT WARNING * * *
The orc wizard misses you. The orc hits you but does no damage.
The orc priest invokes the aid of Beogh against you.
Beogh smites you!
You die...

.# .# .# .# ##
###################..
#<...........@oo.....
####.###.#####..oo....._
.........# #.#####....
####.##..# #.# ..!
.....##..# #.# .
###..##### #.# #..######
#.# ###........ ..#
.....######


You could see an orc priest, an orc wizard and 2 orcs.

Vanquished Creatures
  An ogre (D:2)
  4 adders
  An ooze (D:1)
  2 worms (D:2)
  3 orcs (D:3)
  4 bats
  4 hobgoblins
  4 kobolds
  A quokka (D:3)
  3 frilled lizards
  5 goblins
  5 rats
37 creatures vanquished.

Notes
Turn   | Place    | Note
-------+----------+-------------------------------------------
     0 | D:1      | FishyPogo the Troll Transmuter began the quest for the Orb.
     0 | D:1      | Reached XP level 1. HP: 18/18 MP: 1/1
   138 | D:1      | Reached skill level 1 in Fighting
   191 | D:1      | Reached XP level 2. HP: 22/27 MP: 2/2
   259 | D:2      | Learned a level 2 spell: Wereblood
   287 | D:2      | Found an iron altar of Okawaru.
   288 | D:2      | Noticed an ogre
   295 | D:2      | Killed an ogre
   296 | D:2      | Reached XP level 3. HP: 33/33 MP: 1/3
   296 | D:2      | Reached XP level 4. HP: 41/41 MP: 1/4
   697 | D:4      | Reached XP level 5. HP: 47/48 MP: 5/5
   951 | D:3      | Found a faded altar of an unknown god.
   954 | D:3      | Became a worshipper of Uskayaw the Reveller
   954 | D:3      | Reached * piety under Uskayaw
  1023 | D:3      | Found a hide-covered altar of Uskayaw.
  1036 | D:3      | Reached ** piety under Uskayaw
  1040 | D:3      | Killed from afar by an orc priest

Illustrated notes

Levels and vault maps discovered:
D:1:      lemuel_arrival_hallway, layout_loops_cross
D:2:      layout_basic, kennysheep_nub, hangedman_decor_growths,
          okawaru_gym_becter
D:3:      layout_loops_ring, grunt_temple_overflow_open,
          chequers_ecumenical_altar_grove, grunt_decor_one_mirror
D:4:      layout_loops_ring, serial_shops, shop_coins

Skill      XL: |  1  2 |
---------------+-------+-----
Fighting       | 1 |  1.0
Dodging        | 2 |  2.0
Transmutations | 3 |  3.9
Unarmed Combat | |  3.0
Spellcasting   | |  1.2

Action                   |  1- 3 |  4- 6 || total
-------------------------+-------+-------++-------
Melee: Unarmed           |    27 |    61 ||    88
       Kick              |     2 |     4 ||     6
       Headbutt          |     2 |     1 ||     3
       Punch             |       |     1 ||     1
 Cast: Beastly Appendage |     3 |     1 ||     4
       Wereblood         |       |     1 ||     1
  Use: Potion            |       |     2 ||     2
Armor: Robe              |    12 |    22 ||    34
Dodge: Dodged            |     8 |    35 ||    43
